 Dungeon Crawl Stone Soup version 0.31-a0-358-gac0dbeb3ab (webtiles) character file.

Game seed: 9174828581317751138

544 LeprechaunX the Ruffian (level 7, 0/46 HPs)
             Began as an Octopode Shapeshifter on July 25, 2023.
             Slain by an ice beast (12 damage)
             ... on level 4 of the Dungeon.
             The game lasted 00:06:13 (3238 turns).

LeprechaunX the Ruffian (Octopode Shapeshifter)     Turns: 3238, Time: 00:06:13

Health: 0/46       AC:  1    Str: 16    XL:     7   Next: 27%
Magic:  7/7        EV: 14    Int: 11    God:
Gold:   229        SH:  0    Dex: 12    Spells: 6/6 levels left

rFire   . .          .
                       - Unarmed
rCold   . . .        (no shield)
rNeg    . . .        (helmet currently unavailable)
rPois   .            (no amulet)
rElec   .            (no ring)
rCorr   .            (no ring)
SInv    .            (no ring)
Will    .....        (no ring)
Stlth   ++           (no ring)
HPRegen 0.27/turn    (no ring)
MPRegen 0.10/turn    (no ring)
                     (no ring)

%: no passive effects
@: beast-form
A: beast (slay +2), almost no armour, amphibious, 8 rings, camouflage 1,
gelatinous body 1, (nimble swimmer 1), tentacles
a: Begin Untransformation


You were on level 4 of the Dungeon.
You were a hulking beast.
You visited 1 branch of the dungeon, and saw 5 of its levels.

You collected 229 gold pieces.

Inventory:

Hand Weapons
 a - a +0 arbalest
Missiles
 j - 5 atropa-tipped darts (quivered)
 q - 2 throwing nets
Talismans
 b - a beast talisman
 s - a dragon-blood talisman
Wands
 t - a wand of paralysis (9)
Scrolls
 c - 12 scrolls of identify {unknown}
 d - a scroll of teleportation {unknown}
 l - 4 scrolls of enchant weapon {unknown}
 m - 2 scrolls of poison {unknown}
 r - a scroll of revelation {unknown}
 u - a scroll of noise {unknown}
Potions
 e - a potion of magic {unknown}
 f - 2 potions of enlightenment {unknown}
 g - a potion of brilliance {unknown}
 h - a potion of berserk rage {unknown}
 i - 2 potions of invisibility {unknown}
 k - 2 potions of heal wounds {unknown}
 n - 2 potions of might {unknown}
 o - a potion of attraction {unknown}
 p - 3 potions of curing {unknown}
 v - a potion of haste {unknown}
 w - a potion of lignification
 x - 3 potions of degeneration {unknown}


   Skills:
 + Level 3.3 Fighting
 + Level 3.8 Dodging
 * Level 5.6 Unarmed Combat
 + Level 4.0 Shapeshifting


You had 6 spell levels left.
You didn't know any spells.
Your spell library contained the following spells:

 Spells                   Type           Power      Damage    Failure   Level
 Wereblood                Tmut           0%         N/A       47%         2
 Irradiate                Conj/Tmut      0%         3d11      100%        5


Dungeon Overview and Level Annotations

Branches:
Dungeon (5/15)
 Temple: D:4-7

Altars:
Elyvilon
Fedhas
Gozag
Yredelemnul

Shops:
D:4 *

Annotations:
D:5 Eustachio


Innate Abilities, Weirdness & Mutations

You are a hulking beast.
Your limbs bulge with bestial killing power. (Slay +2)
You cannot wear most types of armour.
You are amphibious.
You can wear up to eight rings at the same time.
Your skin changes colour to match your surroundings (Stealth+).
Your rubbery body absorbs attacks. (AC +1, EV +1)
((You are camouflaged when in or above water. (Stealth+)))
You have tentacles for arms and can constrict up to eight enemies at once.


Message History

The iguana is almost dead.
You constrict the iguana. The iguana closely misses you.
You tentacle-slap the iguana.
You kill the iguana!
a - a +0 arbalest (weapon)
Eustachio shouts!
You shoot a bolt. The bolt hits Eustachio.
Eustachio is lightly wounded.
Eustachio casts a spell.
You shoot a bolt. The bolt barely misses Eustachio.
Eustachio zaps a wand.
The puff of flame hits you!
You are now empty-tentacled.
There is a stone staircase leading up here.
Eustachio mumbles some strange words.
The ice beast closely misses you.
Eustachio screams, "At last I'll have my revenge!"
You climb upwards.
There is a stone staircase leading down here.
Unknown command.
You tentacle-slap the ice beast but do no damage.
The ice beast completely misses you.
You closely miss the ice beast. You squeeze the ice beast.
The ice beast is moderately wounded.
The ice beast hits you. The ice beast freezes you!
You barely miss the ice beast.
You tentacle-slap the ice beast, but do no damage.
The ice beast is moderately wounded.
You tentacle-slap the ice beast.
The ice beast is moderately wounded.
The ice beast hits you. The ice beast freezes you!
You tentacle-slap the ice beast.
The ice beast is heavily wounded.
The ice beast closely misses you.
Unknown command.
You closely miss the ice beast.
The ice beast is heavily wounded.
The ice beast hits you.
* * * LOW HITPOINT WARNING * * *
The ice beast freezes you!
You die...

####.# ###########.#.# #.#
#......[.....)# #.#####
#.#########.### #.#...## #.#
#.# #...#..####.#### #.#
#..###.#.......# #.#
##..#..#.##.##.# #.#
##...##.##.##.######.########
##.###.##..hY...............
##### #.#
#.##.##.######.#.######
#...###.# #.##)##.# #.#.#
>.#..##.# #..)....# #.#.#
.###.##.# ####.#### #.#.#
..#.....# #..[.# #.#.# #
#...##### #.##.# #.#.# #
##.## #.##.### #.#.# # #.#
#......# #.#.# #


You could see an ice beast.

Vanquished Creatures
  A sky beast (D:5)
  A bullfrog (D:5)
  2 scorpions
  2 orc wizards
  An iguana (D:5)
  8 gnolls
  4 adders
  A shadow imp (D:5)
  A worm (D:2)
  2 dart slugs
  6 orcs
  5 ball pythons
  5 endoplasms
  2 giant cockroaches
  3 goblins
  A hobgoblin (D:2)
  8 kobolds
  9 quokkas
  8 bats
  2 frilled lizards (D:3)
  3 rats (D:1)
75 creatures vanquished.

Notes
Turn   | Place    | Note
-------+----------+-------------------------------------------
     0 | D:1      | LeprechaunX the Octopode Shapeshifter began the quest for
                  | the Orb.
     0 | D:1      | Reached XP level 1. HP: 13/13 MP: 1/1
   104 | D:1      | Reached XP level 2. HP: 17/18 MP: 2/2
   260 | D:1      | Reached XP level 3. HP: 20/23 MP: 3/3
   725 | D:2      | Found a faded altar of an unknown god.
  1211 | D:2      | Reached XP level 4. HP: 19/29 MP: 4/4
  1243 | D:2      | Reached skill level 4 in Unarmed Combat
  1384 | D:2      | Found a basalt altar of Yredelemnul.
  1671 | D:3      | Reached XP level 5. HP: 25/34 MP: 5/5
  2153 | D:4      | Identified the +2 leather armour "Geurog" {rF- rN+++ Dex-2
                  | Stlth+}
  2317 | D:4      | Found a white marble altar of Elyvilon.
  2356 | D:4      | Found a blossoming altar of Fedhas.
  2404 | D:4      | Found an opulent altar of Gozag.
  2591 | D:4      | Reached XP level 6. HP: 37/41 MP: 6/6
  2650 | D:4      | Found Paru's Gadget Gallery.
  2755 | D:4      | You fall into a shaft and drop 1 floor!
  2755 | D:5      | Entered Level 5 of the Dungeon
  2779 | D:5      | Noticed an orc warrior
  2929 | D:5      | Reached skill level 5 in Unarmed Combat
  3023 | D:5      | Noticed Eustachio
  3024 | D:5      | Noticed a sky beast
  3103 | D:5      | Noticed an ice beast
  3165 | D:5      | Killed a sky beast
  3166 | D:5      | Reached XP level 7. HP: 36/46 MP: 7/7
  3238 | D:4      | Slain by an ice beast

Illustrated notes

Levels and vault maps discovered:
D:1:      grunt_arrival_lava_bath, layout_rooms, minmay_pentomino_s4
D:2:      layout_basic, basic_altar,
          dreamdust_ecumenical_altar_angels_and_demons
D:3:      minmay_evil_eye, layout_loops_ring, minmay_misc_feat_diagonals
D:4:      layout_loops_ring, nicolae_gozag_cash_rules_everything_around_me,
          mainiacjoe_overflow_two_lobes, nicolae_shop_gadgets
D:5:      minmay_polygon_palace, layout_rooms, uniq_eustachio

Skill      XL: |  1  2  3  4  5  6 |
---------------+-------------------+-----
Unarmed Combat | 4 5 |  5.6
Fighting       | 2 3 |  3.3
Dodging        | 3 |  3.8
Shapeshifting  | 4 |  4.0

Action                     |  1- 3 |  4- 6 |  7- 9 || total
---------------------------+-------+-------+-------++-------
  Melee: Unarmed           |    55 |    89 |     9 ||   153
         Constrict         |    19 |    24 |     1 ||    44
         Tentacles         |    13 |    20 |     1 ||    34
         Punch             |     3 |     3 |     2 ||     8
   Fire: Arbalest          |       |     2 |     6 ||     8
  Throw: Dart              |     3 |     3 |       ||     6
         Throwing net      |       |     1 |       ||     1
   Stab: Sleeping          |     8 |     6 |       ||    14
         Distracted        |     1 |       |       ||     1
 Armour: Skin              |     1 |     8 |       ||     9
  Dodge: Dodged            |    30 |    42 |     6 ||    78

Table legend: (Time is in decaauts)
 A = Elapsed time spent in this place.
 B = Non-inter-level travel time spent in this place.
 C = Inter-level travel time spent in this place.
 D = Time resting spent in this place.
 E = Time spent auto-exploring this place.
 F = Levels seen in this place.
 G = Mean time per level.
                   A        B        C        D        E       F      G
               +--------+--------+--------+--------+--------+-----+--------+
         Total |   3229 |   3075 |    154 |    279 |   2159 |   5 |  645.8 |
       Dungeon |   3229 |   3075 |    154 |    279 |   2159 |   5 |  645.8 |
               +--------+--------+--------+--------+--------+-----+--------+

Top non-repeatable levels by time:
     D:2: 1034 daAuts
     D:4: 887 daAuts
     D:3: 680 daAuts
     D:1: 372 daAuts
     D:5: 255 daAuts
